 Dungeon Crawl Stone Soup version 0.30-a0-1157-g2cc9ac7196 (webtiles) character file.

Game seed: 14075899115446544458

172 Jase the Covered (level 5, -9/48 HPs)
             Began as an Armataur Fighter on Apr 25, 2023.
             Was a Follower of Okawaru.
             Killed by divine providence
             ... invoked by an orc priest
              (15 damage)
             ... on level 4 of the Dungeon.
             The game lasted 00:07:14 (2749 turns).

Jase the Covered (Armataur Fighter)                 Turns: 2749, Time: 00:07:14

Health: -9/48      AC:  7    Str: 21    XL:     5   Next: 27%
Magic:  0/5        EV:  7    Int: 11    God:    Okawaru [*.....]
Gold:   128        SH:  4    Dex:  9    Spells: 4/4 levels left

rFire   . . .        a - +0 long sword
rCold   . . .        c - +0 buckler
rNeg    . . .        p - +0 scale mail
rPois   .            (no helmet)
rElec   .            (no cloak)
rCorr   .            (no gloves)
SInv    .            (no barding)
Will    .....        t - amulet of guardian spirit Stlth
                     (no ring)
HPRegen 0.28/turn    (no ring)
MPRegen 0.09/turn

%: guardian spirit, roll
@: no status effects
A: large, rugged brown scales 3, deformed body, armoured tail, roll, long
tongue, awkward tongue
a: Renounce Religion, Heroism


You were on level 4 of the Dungeon.
You worshipped Okawaru.
Okawaru was aware of your devotion.
You visited 1 branch of the dungeon, and saw 4 of its levels.

You collected 128 gold pieces.

Inventory:

Hand Weapons
 a - a +0 long sword (weapon)
 b - a +0 dagger
Missiles
 g - 5 datura-tipped darts (quivered)
 k - 3 poisoned darts
 m - 16 stones
Armour
 c - a +0 buckler (worn)
 p - a +0 scale mail (worn)
Jewellery
 t - an amulet of guardian spirit (around neck)
Wands
 o - a wand of flame (22)
Scrolls
 e - 3 scrolls of magic mapping {unknown}
 h - a scroll of blinking {unknown}
 j - a scroll of fog {unknown}
 r - a scroll of teleportation {unknown}
 s - a scroll of identify {unknown}
Potions
 d - a potion of might
 f - 2 potions of lignification {unknown}
 i - a potion of attraction {unknown}
 l - a potion of resistance {unknown}
 n - 3 potions of heal wounds {unknown}
 q - a potion of brilliance {unknown}
 u - a potion of flight {unknown}


   Skills:
 + Level 3.2 Fighting
 * Level 3.1 Long Blades
 + Level 4.4 Armour
 + Level 1.7 Stealth
 + Level 4.0 Shields
 + Level 1.3 Invocations


You had 4 spell levels left.
You didn't know any spells.
Your spell library was empty.

Dungeon Overview and Level Annotations

Branches:
Dungeon (4/15)             Temple (0/1) D:4

Altars:
Okawaru


Innate Abilities, Weirdness & Mutations

You are completely covered in rugged brown scales. (AC +3, +7% HP)
Armour fits poorly on your strangely shaped body.
You have a long armoured tail.
You roll when moving toward enemies. (Rampage)
Your long tongue fully drains potion bottles. (2x potion effects)
Your tongue gives you trouble enunciating. (1.5x scroll delay)


Message History

You barely miss the orc priest.
The orc priest is lightly wounded.
The orc priest calls down the wrath of Beogh upon you.
Beogh smites you!
* * * LOW HITPOINT WARNING * * *
You hit the orc priest.
The orc priest is heavily wounded.
The orc priest hits you with a +0 dagger.
* * * LOW HITPOINT WARNING * * *
You slash the orc priest!
You kill the orc priest!
Okawaru accepts your kill. The orc priest hits you with a +0 mace.
* * * LOW HITPOINT WARNING * * *
Your Shields skill increases to level 4!
You hit the orc priest but do no damage.
The orc priest closely misses you.
You hit the orc priest.
The orc priest is moderately wounded.
The orc priest hits you but does no damage.
Okay, then.
You hit the orc priest but do no damage.
The orc priest is moderately wounded.
You block the orc priest's attack.
You closely miss the orc priest.
The orc priest is moderately wounded.
You block the orc priest's attack. The orc priest hits you with a +0 mace.
* * * LOW HITPOINT WARNING * * *
You barely miss the orc priest.
The orc priest is moderately wounded.
The orc priest hits you but does no damage.
You hit the orc priest.
The orc priest is heavily wounded.
The orc priest hits you with a +0 mace.
You hit the orc priest.
The orc priest is severely wounded.
The orc priest begins to cast a cantrip, but forgets the words!
The orc priest invokes the aid of Beogh against you.
Beogh smites you!
You die...

......#......#
.###...##.######
..###.#..# ....#.#o##
#.....# ##.#..# #....#
#######†######
........o@...##.#..#
###.###.####.##.#..#
#.# #.##.#..# #.#
#.##....#
###.###.####.##...####
.........[............
........#.##.##...##
###.#####....).....#
#..........##..†.######


You could see an orc priest.

Vanquished Creatures
  An orc priest (D:4)
  3 gnolls (D:3)
  2 adders
  5 worms
  5 dart slugs
  3 ball pythons
  10 endoplasms
  4 giant cockroaches
  5 goblins
  9 hobgoblins
  4 jackals
  6 bats
  4 frilled lizards
  5 kobolds
  5 rats
71 creatures vanquished.

Vanquished Creatures (others)
  A plant (D:1)
1 creature vanquished.

Grand Total: 72 creatures vanquished

Notes
Turn   | Place    | Note
-------+----------+-------------------------------------------
     0 | D:1      | Jase the Armataur Fighter began the quest for the Orb.
     0 | D:1      | Reached XP level 1. HP: 19/19 MP: 1/1
   242 | D:1      | Reached XP level 2. HP: 25/26 MP: 2/2
   671 | D:1      | Found a faded altar of an unknown god.
   675 | D:1      | Prayed at the altar of an unknown god.
   675 | D:1      | Became a worshipper of Warmaster Okawaru
   675 | D:1      | Reached * piety under Okawaru
   867 | D:2      | Reached XP level 3. HP: 24/32 MP: 3/3
  1268 | D:2      | Reached skill level 1 in Stealth
  1853 | D:2      | Reached XP level 4. HP: 28/40 MP: 4/4
  2234 | D:3      | Reached skill level 1 in Invocations
  2627 | D:4      | Found a staircase to the Ecumenical Temple.
  2638 | D:4      | Reached XP level 5. HP: 37/48 MP: 5/5
  2749 | D:4      | Killed from afar by an orc priest

Illustrated notes

Levels and vault maps discovered:
D:1:      sevenhm_arrival_forest_fort_small_4, layout_rooms,
          nicolae_ecumenical_lake_church, serial_bayou_pond_a,
          chequers_serial_rivers_room_b, st_stairs_8, minmay_misc_feat_doors
D:2:      layout_loops_ring, serial_rivers, chequers_serial_rivers_micro_e,
          chequers_serial_rivers_large_b, chequers_serial_rivers_room_b,
          chequers_serial_rivers_small_b, chequers_serial_rivers_small_3,
          chequers_serial_rivers_room_a, hangedman_decor_peaks_small
D:3:      layout_rooms, nicolae_wormholes
D:4:      layout_loops_ring, okawaru_ov_weapons_minmay,
          chequers_temple_overflow_statue_of_worship,
          minmay_temple_entry_slanted, uniq_pikel

Skill      XL: |  1  2  3  4  5 |
---------------+----------------+-----
Long Blades    | 2 3 |  3.1
Armour         | 4 |  4.4
Stealth        | 1 |  1.7
Fighting       | 3 |  3.2
Invocations    | 1 |  1.3
Shields        | 4 |  4.0

Action                     |  1- 3 |  4- 6 || total
---------------------------+-------+-------++-------
  Melee: Long sword        |   136 |    94 ||   230
         Tailslap          |    11 |    13 ||    24
 Armour: Scale mail        |    61 |    32 ||    93
  Dodge: Dodged            |    31 |    22 ||    53
  Block: Buckler           |    20 |    22 ||    42

Table legend: (Time is in decaauts)
 A = Elapsed time spent in this place.
 B = Non-inter-level travel time spent in this place.
 C = Inter-level travel time spent in this place.
 D = Time resting spent in this place.
 E = Time spent auto-exploring this place.
 F = Levels seen in this place.
 G = Mean time per level.
                   A        B        C        D        E       F      G
               +--------+--------+--------+--------+--------+-----+--------+
         Total |   2818 |   2730 |     88 |    362 |   1655 |   4 |  704.5 |
       Dungeon |   2818 |   2730 |     88 |    362 |   1655 |   4 |  704.5 |
               +--------+--------+--------+--------+--------+-----+--------+

Top non-repeatable levels by time:
     D:2: 1184 daAuts
     D:1: 784 daAuts
     D:3: 670 daAuts
     D:4: 178 daAuts
